 Dungeon Crawl Stone Soup version 0.30-a0-600-gb7c8574cbb (webtiles) character file.

Game seed: 9373928458828062750

7 Decipherer the Trooper (level 1, 0/27 HPs)
             Began as a Demonspawn Berserker on Jan 7, 2023.
             Was a Follower of Trog.
             Frozen to death by an endoplasm (2 damage)
             ... on level 1 of the Dungeon.
             The game lasted 00:00:15 (173 turns).

Decipherer the Trooper (Demonspawn Berserker)        Turns: 173, Time: 00:00:15

Health: 0/27       AC:  2    Str: 17    XL:     1   Next: 83%
Magic:  1/1        EV: 12    Int:  8    God:    Trog [*.....]
Gold:   30         SH:  0    Dex: 12    Spells: 0/0 levels left

rFire   . . .      SeeInvis .    a - +0 mace
rCold   . . .      Faith    .    (no shield)
rNeg    . . .      Spirit   .    b - +0 animal skin
rPois   .          Reflect  .    (no helmet)
rElec   .          Harm     .    (no cloak)
rCorr   .          Rampage  .    (no gloves)
Will    .....                    (no boots) Stlth
                                 (no amulet)
HPRegen 0.24/turn                (no ring)
MPRegen 0.07/turn                (no ring)

@: berserking, very quick
A: no striking features
a: Renounce Religion, Berserk


You were on level 1 of the Dungeon.
You worshipped Trog.
Trog was aware of your devotion.
You visited 1 branch of the dungeon, and saw 1 of its levels.

You collected 30 gold pieces.

Inventory:

Hand Weapons
 a - a +0 mace (weapon)
Armour
 b - a +0 animal skin (worn)
Scrolls
 c - a scroll of identify {unknown}
Potions
 d - a potion of curing {unknown}
 e - a potion of ambrosia {unknown}


   Skills:
 + Level 3.1 Fighting
 + Level 2.9 Maces & Flails
 + Level 1.8 Armour
 + Level 1.8 Dodging


You couldn't memorise any spells.
You didn't know any spells.
Your spell library was empty.

Dungeon Overview and Level Annotations

Branches:
Dungeon (1/15)

Altars:


Message History

There are monsters nearby!
You barely miss the hobgoblin.
The hobgoblin is lightly wounded.
The bat hits you but does no damage. The hobgoblin barely misses you.
The endoplasm freezes you.
You are frozen.
Unknown command.
There are monsters nearby!
You hit the hobgoblin but do no damage.
The hobgoblin is lightly wounded.
The bat hits you but does no damage. The hobgoblin closely misses you.
The endoplasm closely misses you. x2; The hobgoblin hits you.
Unknown command.
There are monsters nearby!
You hit the hobgoblin.
The hobgoblin is almost dead.
The bat closely misses you. The hobgoblin hits you. The endoplasm hits you.
Unknown command.
A red film seems to cover your vision as you go berserk!
You feel yourself moving faster!
You feel mighty! The bat barely misses you. The bat hits you.
The hobgoblin hits you.
* * * LOW HITPOINT WARNING * * *
The endoplasm barely misses you.
You closely miss the bat. The bat hits you.
* * * LOW HITPOINT WARNING * * *
The hobgoblin closely misses you. The endoplasm closely misses you.
You hit the hobgoblin but do no damage.
The hobgoblin is almost dead.
The bat closely misses you. The ball python closely misses you.
The ball python barely misses you. The hobgoblin hits you.
* * * LOW HITPOINT WARNING * * *
The endoplasm misses you.
You barely miss the hobgoblin.
The hobgoblin is almost dead.
The bat hits you.
* * * LOW HITPOINT WARNING * * *
The ball python misses you. x2; The hobgoblin barely misses you.
The endoplasm freezes you.
You are frozen.
You die...

..#. ##+#....### ## ...
..........# #.. #.
..........# #.... #
..........# #.....####
..........# #.....#....
..........# #.....###...
......Jb..##.....#####.#
......g@..#.....#.......
......S........###....<.
.............=## ##.....
#####+####...#.....#....
########..###..##
...###...
#...........#.#####.##
##.#
#........##.#.........
...
#........+...........
..#
#........#######.#...
...


You could see an endoplasm, a hobgoblin, a bat and a ball python.

Vanquished Creatures
  A bat (D:1)
  An endoplasm (D:1)
  A giant cockroach (D:1)
  2 hobgoblins (D:1)
5 creatures vanquished.

Notes
Turn   | Place    | Note
-------+----------+-------------------------------------------
     0 | D:1      | Decipherer the Demonspawn Berserker began the quest for the
                  | Orb.
     0 | D:1      | Reached XP level 1. HP: 18/18 MP: 1/1
   173 | D:1      | Frozen to death by an endoplasm

Illustrated notes

Levels and vault maps discovered:
D:1:      onia_arrival_pyramid, layout_basic

Action                   || total
-------------------------++-------
Melee: Mace              ||    24
Invok: Berserk           ||     1
Armor: Animal skin       ||    10
Dodge: Dodged            ||    35

Table legend: (Time is in decaauts)
 A = Elapsed time spent in this place.
 B = Non-inter-level travel time spent in this place.
 C = Inter-level travel time spent in this place.
 D = Time resting spent in this place.
 E = Time spent auto-exploring this place.
 F = Levels seen in this place.
 G = Mean time per level.
                   A        B        C        D        E       F      G
               +--------+--------+--------+--------+--------+-----+--------+
         Total |    178 |    178 |      0 |      0 |    117 |   1 |  178.0 |
       Dungeon |    178 |    178 |      0 |      0 |    117 |   1 |  178.0 |
               +--------+--------+--------+--------+--------+-----+--------+

Top non-repeatable levels by time:
     D:1: 178 daAuts
